 Dungeon Crawl Stone Soup version 0.19.0-11-g3fc08b3 (webtiles) character file.

820 Jerry the Ducker (level 7, -4/50 HPs)
             Began as a Merfolk Gladiator on Nov 9, 2016.
             Slain by Duvessa
             ... wielding a +0 short sword
              (5 damage)
             ... on level 4 of the Dungeon.
             The game lasted 00:09:18 (3633 turns).

Jerry the Ducker (Merfolk Gladiator)                Turns: 3633, Time: 00:09:19

Health: -4/50      AC:  7    Str: 16    XL:     7   Next: 95%
Magic:  7/7        EV: 19    Int: 12    God:
Gold:   164        SH:  0    Dex: 16    Spells: 0 memorised, 6 levels left

rFire  . . .     SeeInvis .     a - +0 long sword
rCold  . . .     Gourm    .     b - +0 leather armour
rNeg   . . .     Faith    .     (no shield)
rPois  .         Spirit   .     c - +0 helmet
rElec  .         Reflect  .     k - +0 cloak
rCorr  .         Harm     .     (no gloves)
MR     .....                    h - +1 pair of boots
Stlth  +.........               (no amulet)
                                w - +2 ring of evasion
                                n - ring of flight

@: brilliant, glowing
A: change form in water, swift swim, stealthy swim
a: Evoke Flight


You were on level 4 of the Dungeon.
You were hungry.

You visited 1 branch of the dungeon, and saw 4 of its levels.

You collected 164 gold pieces.

Inventory:

Hand Weapons
 a - a +0 long sword (weapon)
Missiles
 d - 3 throwing nets (quivered)
Armour
 b - a +0 leather armour (worn)
 c - a +0 helmet (worn)
 h - a +1 pair of boots (worn)
 k - a +0 cloak (worn)
Jewellery
 n - a ring of flight (left hand)
 w - a +2 ring of evasion (right hand)
Wands
 y - a wand of lightning (2/15)
Scrolls
 e - 7 scrolls of identify {unknown}
 l - a scroll of teleportation {unknown}
 o - a scroll of amnesia {unknown}
 q - 2 scrolls of remove curse {unknown}
 s - 4 scrolls of recharging {unknown}
 u - 2 scrolls of blinking {unknown}
 v - 2 scrolls of noise {unknown}
 z - 3 scrolls of enchant weapon {unknown}
Potions
 j - a potion of curing
Comestibles
 f - 3 bread rations
 g - a royal jelly
 i - a slice of pizza
 m - a chunk of flesh
 x - a meat ration


   Skills:
 - Level 2.1 Fighting
 + Level 6.4 Long Blades
 - Level 2.0 Throwing
 + Level 3.5 Armour
 + Level 7.5 Dodging


You had 6 spell levels left.
You didn't know any spells.

Dungeon Overview and Level Annotations

Branches:
Dungeon (4/15)
 Temple: D:4-7

Altars:

Annotations:
D:4 Duvessa


Message History

Duvessa closely misses you.
You hit Duvessa but do no damage.
Duvessa is severely wounded.
Duvessa misses you. Duvessa hits you with a short sword!
* * * LOW HITPOINT WARNING * * *
Unknown command.
You barely miss Duvessa.
Duvessa is severely wounded.
Duvessa closely misses you.
You hit Duvessa but do no damage.
Duvessa is severely wounded.
Duvessa hits you with a short sword.
* * * LOW HITPOINT WARNING * * *
Duvessa closely misses you.
You riposte.
You hit Duvessa.
Duvessa is almost dead.
You are too injured to fight recklessly!
It was a potion of brilliance.
You feel clever all of a sudden. Duvessa hits you with a short sword.
You die...

##.##.##.#.#######.##
#..#...#...# #####..
#..#...#...# #......
#..#.#.#...####.#####
#..##.##.#.##.....#
#........#.##.#.#.##
#..#...............#
##.##†.###.##.#.#..#
#.)@e.# #.##.......#
#####(###.####..#.#.
#........# #.## ##
#)##.##### .. #.##.#
# #.##.# #.##.## .
#.....####....
####..........


You could see Duvessa (berserk).

Vanquished Creatures
  Grinder (D:4)
  An ogre (D:4)
  A black bear (D:4)
  Dowan (D:4)
  A scorpion (D:4)
  A howler monkey (D:4)
  A hound (D:4)
  6 worker ants (D:4)
  8 adders
  3 worms
  4 dart slugs
  2 leopard geckos
  6 orcs
  3 ball pythons
  3 giant cockroaches
  4 goblins
  3 hobgoblins
  2 jackals (D:3)
  2 quokkas (D:3)
  A ball python skeleton (D:4)
  9 bats
  8 frilled lizards
  A jackal skeleton (D:4)
  4 kobolds
  7 rats
83 creatures vanquished.

Notes
Turn   | Place    | Note
-------+----------+-------------------------------------------
     0 | D:1      | Jerry the Merfolk Gladiator began the quest for the Orb.
     0 | D:1      | Reached XP level 1. HP: 16/16 MP: 1/1
   187 | D:1      | Reached XP level 2. HP: 17/22 MP: 2/2
   695 | D:2      | Reached skill level 1 in Armour
   695 | D:2      | Reached XP level 3. HP: 20/27 MP: 3/3
  1163 | D:2      | Reached XP level 4. HP: 33/33 MP: 4/4
  1549 | D:2      | Reached skill level 5 in Dodging
  1795 | D:3      | Found a faded altar of an unknown god.
  2312 | D:3      | Reached XP level 5. HP: 38/38 MP: 5/5
  3034 | D:4      | Reached XP level 6. HP: 40/44 MP: 6/6
  3062 | D:4      | Noticed a black bear
  3075 | D:4      | Killed a black bear
  3075 | D:4      | Reached skill level 5 in Long Blades
  3075 | D:4      | Reached skill level 6 in Dodging
  3364 | D:4      | Noticed Grinder
  3396 | D:4      | Paralysed by Grinder for 7 turns
  3407 | D:4      | Paralysed by Grinder for 3 turns
  3415 | D:4      | Killed Grinder
  3415 | D:4      | Reached skill level 7 in Dodging
  3415 | D:4      | Reached XP level 7. HP: 41/50 MP: 7/7
  3518 | D:4      | Noticed Dowan
  3519 | D:4      | Noticed Duvessa
  3626 | D:4      | Killed Dowan
  3630 | D:4      | HP: 2/50 [Duvessa/short sword (11)]
  3633 | D:4      | Slain by Duvessa

Skill      XL: |  1  2  3  4  5  6  7 |
---------------+----------------------+-----
Armour         | 1 2 3 |  3.5
Long Blades    | 4 5 6 |  6.4
Dodging        | 5 7 |  7.5
Fighting       | |  2.1
Throwing       | |  2.0

Action                   |  1- 3 |  4- 6 |  7- 9 || total
-------------------------+-------+-------+-------++-------
Melee: Long sword        |    73 |   193 |    65 ||   331
  Use: Potion            |       |     5 |     2 ||     7
 Stab: Sleeping          |     2 |     3 |       ||     5
  Eat: Chunk             |     1 |     6 |       ||     7
       Pizza             |       |     1 |       ||     1
Armor: Leather armour    |    29 |    54 |     9 ||    92
       Skin              |       |     9 |       ||     9
Dodge: Dodged            |    54 |   186 |    81 ||   321
       Rpst.: Long sword |    15 |    54 |    26 ||    95
